 Dungeon Crawl Stone Soup version 0.28-a0-1241-gf280a0fbb2 (webtiles) character file.

Game seed: 8335246639774337316

105675 Grim the Impaler (level 16, 0/141 HPs)
             Began as a Formicid Fighter on Dec 26, 2021.
             Was an Initiate of Gozag.
             Slain by a fenstrider witch (14 damage)
             ... on level 2 of the Lair of Beasts.
             The game lasted 00:51:19 (25199 turns).

Grim the Impaler (Formicid Fighter)                Turns: 25199, Time: 00:51:20

Health: 0/141      AC: 53    Str: 26    XL:     16   Next: 96%
Magic:  5/5        EV:  3    Int: 15    God:    Gozag
Gold:   7623       SH: 13    Dex: 12    Spells: 15/15 levels left

rFire   + . .      SeeInvis +   R - +9 halberd of the Scorching Asp {antimagic, *Corrode rC+ rN+ Int+4}
rCold   + + .      Faith    .   K - +0 tower shield
rNeg    + . .      Spirit   .   T - +17 crystal plate armour of Xaom {Harm Int+2 Stlth-}
rPois   +          Reflect  .   (helmet unavailable)
rElec   +          Harm     +   j - +1 cloak {rPois}
rCorr   +          Rampage  .   G - +2 pair of gloves
Will    +....                   W - +2 pair of boots
Stlth   ..........              B - amulet of Vitality {Regen+ HP+15}
HPRegen 1.13/turn               g - +4 ring of slaying
MPRegen 0.09/turn               E - +4 ring of protection

@: mighty, lethally poisoned (0 -> -8), resistant, grasped by roots,
constricted, very slow
A: permanent stasis, dig shafts and tunnels, antennae 3, four strong arms
a: Dig, Shaft Self, Renounce Religion, Potion Petition, Call Merchant, Bribe
Branch


You were on level 2 of the Lair of Beasts.
You worshipped Gozag.
Gozag was greatly pleased with you.
You visited 4 branches of the dungeon, and saw 23 of its levels.
You also visited: Bailey.

You collected 8501 gold pieces.
You paid 878 gold pieces to Gozag.

Inventory:

Hand Weapons
 R - the +9 halberd of the Scorching Asp (weapon) {antimagic, *Corrode rC+ rN+ Int+4}
   (You found it on level 8 of the Dungeon)

   It reduces the magical energy of the wielder, and disrupts the spells and
   magical abilities of those it strikes.
   Natural abilities and divine invocations are not affected.
   Int:       It affects your intelligence (+4).
   rC:        It protects you from cold.
   rN:        It protects you from negative energy.
   *Corrode:  It may corrode you when you take damage.
Missiles
 a - 6 boomerangs
 s - 5 curare-tipped darts
 u - 40 poisoned darts
 A - 2 throwing nets
 Y - 3 silver javelins (quivered)
Armour
 c - a +1 kite shield of protection
 j - a +1 cloak of poison resistance (worn)
 G - a +2 pair of gloves (worn)
 K - a +0 tower shield (worn)
 T - the +17 crystal plate armour of Xaom (worn) {Harm Int+2 Stlth-}
   (You found it in a bailey)

   Int:       It affects your intelligence (+2).
   Harm:      It increases damage dealt and taken.
   Stlth:     It makes you less stealthy.
 W - a +2 pair of boots (worn)
Jewellery
 d - the ring "Zett" {Int+6 Dex+6}
   (You found it on level 4 of the Lair of Beasts)

   [ring of dexterity]

   Int:       It affects your intelligence (+6).
   Dex:       It affects your dexterity (+6).
 f - a ring of poison resistance
 g - a +4 ring of slaying (left hand)
 y - a ring of positive energy
 B - the amulet of Vitality (around neck) {Regen+ HP+15}
   (You found it on level 14 of the Dungeon)

   [amulet of regeneration]

   HP:        It affects your health (+15).
   Regen:     It increases your rate of health regeneration.
 C - a ring of protection from cold
 E - a +4 ring of protection (right hand)
 X - a ring of protection from fire
Wands
 b - a wand of charming (10)
 h - a wand of digging (19)
 r - a wand of paralysis (16)
 t - a wand of acid (11)
 D - a wand of polymorph (15)
 H - a wand of iceblast (21)
Scrolls
 e - a scroll of summoning {unknown}
 i - 5 scrolls of enchant armour {unknown}
 k - 5 scrolls of amnesia {unknown}
 o - 6 scrolls of fog
 p - 2 scrolls of magic mapping {unknown}
 q - 3 scrolls of immolation {unknown}
 v - 2 scrolls of identify
 I - 6 scrolls of enchant weapon {unknown}
 J - 2 scrolls of vulnerability {unknown}
 O - 3 scrolls of fear {unknown}
 P - a scroll of silence
 Q - 2 scrolls of holy word {unknown}
 U - 3 scrolls of noise {unknown}
 Z - a scroll of brand weapon
Potions
 l - 4 potions of brilliance
 m - 10 potions of curing
 n - 2 potions of flight
 w - 2 potions of attraction
 z - 10 potions of degeneration {!q}
 F - a potion of might
 L - 3 potions of cancellation {unknown}
 M - 3 potions of mutation {unknown}
 N - 4 potions of invisibility
 V - a potion of ambrosia {unknown}
Miscellaneous
 S - a lightning rod (4/4)


   Skills:
 - Level 11.5 Fighting
 - Level 20.0 Polearms
 - Level 7.6 Throwing
 * Level 13.0 Armour
 - Level 11.3 Dodging
 + Level 5.3 Shields


You had 15 spell levels left.
You didn't know any spells.
Your spell library contained the following spells:

 Spells                   Type           Power      Damage    Failure   Level
 Animate Skeleton         Necr           0%         N/A       100%        1
 Apportation              Tloc           0%         N/A       100%        1
 Freeze                   Ice            0%         1d3       100%        1
 Magic Dart               Conj           0%         1d3       100%        1
 Pain                     Necr           0%         1d4       100%        1
 Sandblast                Erth           0%         2d4       100%        1
 Shock                    Conj/Air       0%         1d3       100%        1
 Summon Small Mammal      Summ           0%         N/A       100%        1
 Passwall                 Tmut/Erth      0%         N/A       100%        2
 Static Discharge         Conj/Air       0%         N/A       100%        2
 Call Canine Familiar     Summ           0%         N/A       100%        3
 Dazzling Flash           Conj/Hex       0%         N/A       100%        3
 Frozen Ramparts          Ice            0%         1d2       100%        3
 Ozocubu's Armour         Ice            0%         N/A       100%        3
 Portal Projectile        Hex/Tloc       0%         N/A       100%        3
 Stone Arrow              Conj/Erth      0%         3d7       100%        3
 Summon Guardian Golem    Hex/Summ       0%         N/A       100%        3
 Vampiric Draining        Necr           0%         2d6       100%        3
 Airstrike                Air            0%         N/A       100%        4
 Animate Dead             Necr           0%         N/A       100%        4
 Hailstorm                Conj/Ice       0%         3d3       100%        4
 Ice Form                 Ice/Tmut       0%         N/A       100%        4
 Leda's Liquefaction      Hex/Erth       0%         N/A       100%        4
 Summon Ice Beast         Ice/Summ       0%         N/A       100%        4
 Agony                    Necr           0%         N/A       100%        5
 Alistair's Intoxication  Tmut/Pois      0%         N/A       100%        5
 Blade Hands              Tmut           0%         N/A       100%        5
 Borgnjor's Vile Clutch   Necr/Erth      0%         N/A       100%        5
 Freezing Cloud           Conj/Ice/Air   0%         6-21      100%        5
 Irradiate                Conj/Tmut      0%         3d14      100%        5
 Lee's Rapid Deconstruct  Erth           0%         3d5*      100%        5
 Lightning Bolt           Conj/Air       0%         1d11      100%        5
 Metabolic Englaciation   Hex/Ice        0%         N/A       100%        5
 Silence                  Hex/Air        0%         N/A       100%        5
 Summon Mana Viper        Hex/Summ       0%         N/A       100%        5
 Conjure Ball Lightning   Conj/Air       0%         3x3d6     100%        6
 Death Channel            Necr           0%         N/A       100%        6
 Eringya's Noxious Bog    Tmut/Pois      0%         N/A       100%        6
 Simulacrum               Ice/Necr       0%         N/A       100%        6
 Statue Form              Tmut/Erth      0%         N/A       100%        6
 Dragon Form              Tmut           0%         N/A       100%        7
 Monstrous Menagerie      Summ           0%         N/A       100%        7
 Discord                  Hex            0%         N/A       100%        8
 Disjunction              Tloc           0%         N/A       100%        8
 Maxwell's Capacitive Co  Air            0%         ∞         100%        8
 Polar Vortex             Ice            0%         N/A       100%        9
 Swiftness                Air            Unusable   N/A       N/A         3

Dungeon Overview and Level Annotations

Branches:
Dungeon (15/15)            Temple (0/1) D:6            Lair (6/6) D:11
  Swamp (0/4) Lair:2       Spider (0/4) Lair:3        Slime (1/5) Lair:5
    Orc (0/2) D:12         Vaults (0/5) D:13         Depths (0/4) D:15
 Bailey (visited)

Altars:
Ashenzari
Gozag
Kikubaaqudgha
Makhleb
Nemelex Xobeh
Okawaru
Qazlal
Ru
Sif Muna
Trog
Vehumet
Xom
Zin
Beogh
Jiyva
Lugonu

Shops:
D:5 [(!:(   D:6 !

Portals:
Abyss: Lair:6

Annotations:
D:5 3 runed translucent doors, wpisznazwe's ghost, weakling VSDe
D:12 exclusion: obsidian statue
Lair:3 1 runed translucent door, Tutuygh's ghost, journeyman KoWr


Innate Abilities, Weirdness & Mutations

You cannot be hasted, slowed, berserked, paralysed or teleported.
You can dig through walls and to a lower floor.
You have a pair of large antennae on your head. (SInv)
Your four strong arms can wield two-handed weapons with a shield.


Message History

You feel very sick.
The fenstrider witch casts a spell at you.
Your body is wracked with pain!
* * * LOW HITPOINT WARNING * * *
The fenstrider witch points at you and mumbles some strange words.
You resist with some effort.
You feel much better.
You feel sick.
The fenstrider witch's magic is no longer disrupted.
The shambling mangrove hits you!!
* * * LOW HITPOINT WARNING * * *
The grasping roots constrict you.
The fenstrider witch hits you but does no damage.
The fenstrider witch barely misses you.
Okay, then.
Unknown command. [a] - 783 gold - resistance, might, heal wounds and magic [b] - 220 gold - resistance [c] - 621 gold - curing, magic, invisibility and might Purchase which effect?
You feel protected.
You feel very mighty all of a sudden.
You feel much better. Magic courses through your body.
You feel very sick.
The fenstrider witch gestures at you while chanting.
The toxic sludge hits you!
You are more poisoned.
You partially resist.
* * * LOW HITPOINT WARNING * * *
Splash!
You fall into the toxic bog.
Moving in this stuff is going to be slow.
The shambling mangrove hits you.
* * * LOW HITPOINT WARNING * * *
The grasping roots constrict you.
Your unstable footing causes you to fumble your attack.
You fester in the toxic bog!
You partially resist.
You are more poisoned.
You feel very sick.
The fenstrider witch hits you but does no damage.
The fenstrider witch kicks you!
You die...
Your body crumbles into a pile of gold.

#...........♣♣♣...♣♣♣.......#
#..........♣♣...§§§§♣♣.......
#...........♣...♣♣§§.♣####P..
#...........♣♣§§≈§§§≈♣♣##....
#...#####..♣♣§§§≈≈§≈≈≈♣..##..
#...##PP##..♣§§.≈§≈≈..♣.##...
##..##.....♣♣♣§§§♣♣♣.§♣♣##...
#..''.....♣♣f§≈♣♣♣.§♣♣ #....
#..##.....♣@H≈♣♣♣♣§.♣ ###..
#..##.....♣♣♣♣♣..§§§♣ #...
##...#.P.#'# ♣♣...♣♣♣♣ ##..
#.......##'♣♣♣...≈≈≈≈♣♣###...
##...........♣♣≈≈≈≈≈≈≈♣♣.....
#..........♣♣≈≈≈≈≈≈≈≈♣......
#.......!.♣♣...≈≈≈≈≈≈♣......
#..........♣♣..♣♣♣♣♣♣♣......
#...........................


You could see a shambling mangrove and a fenstrider witch.

Vanquished Creatures
  A tentacled monstrosity (D:13)
  Frances (D:12)
  Kirke (Lair:3)
  Roxanne (D:14)
  The ghost of Yckusk the Impaler, a journeyman HOFi of Beogh (D:15)
  Louise (D:14)
  A very ugly thing (D:13)
  The ghost of Nerchy the Brawler, a journeyman TrHu of Ru (D:15)
  2 mummy priests (D:14)
  Josephine (D:10)
  Harold (D:8)
  6 vault guards (D:13)
  8 hydras
  A boulder beetle (D:13)
  6 centaur warriors
  An alligator (Lair:2)
  3 two-headed ogres
  3 thrashing horrors (Lair:6)
  Nergalle (D:12)
  3 skeletal warriors (D:13)
  5 large abominations
  A swamp dragon (Lair:2)
  A spriggan druid (Lair:2)
  3 wizards (D:15)
  3 orc knights
  A necromancer (D:15)
  A lindwurm (Lair:6)
  A deep elf zephyrmancer (D:15)
  5 deep elf pyromancers
  An oklob plant (Lair:2)
  An orc sorcerer (D:15)
  11 ugly things
  A shining eye (shapeshifter) (D:15)
  4 manticores
  33 elephants
  2 cyclopes
  11 black mambas
  Joseph (D:8)
  A smoke demon (Lair:6)
  Psyche (D:11)
  6 cane toads
  3 centaur skeletons (D:15)
  A gargoyle (D:12)
  2 unseen horrors
  5 rime drakes
  10 komodo dragons
  A demonic crawler (D:13)
  2 ancient zymes (Lair:6)
  A guardian mummy (D:14)
  A polar bear (shapeshifter) (D:13)
  3 meliai (D:15)
  3 trolls
  Grinder (D:4)
  2 hornets
  25 blink frogs
  A wolf spider simulacrum (Lair:1)
  13 dream sheep
  8 slime creatures
  A water elemental (D:15)
  A redback (Lair:3)
  A spriggan (Lair:2)
  4 ynoxinuls (Lair:6)
  2 shadows
  4 wyverns
  3 vampires
  A dire elephant simulacrum (Lair:1)
  5 wraiths
  5 hogs (Lair:3)
  51 yaks
  2 chaos spawn
  4 basilisks
  A neqoxec (D:13)
  5 humans (D:13)
  Grum (D:10)
  13 small abominations
  3 vampire mosquitoes (D:12)
  Menkaure (D:5)
  2 steam dragons
  A harpy simulacrum (D:15)
  Edmund (D:4)
  An acid dragon (D:11)
  2 swamp worms (Lair:2)
  A hydra simulacrum (Lair:1)
  Duvessa (D:7)
  14 water moccasins
  3 ice beasts
  5 black bears
  A boulder beetle simulacrum (Lair:1)
  9 orc warriors
  3 sky beasts
  2 necrophages (D:8)
  17 wolves
  5 ogres
  15 centaurs
  A phantom (D:4)
  Blork the orc (D:4)
  2 kobold brigands
  9 bullfrogs
  2 wyvern zombies
  A cane toad simulacrum (Lair:1)
  A gnoll sergeant (D:8)
  3 scorpions
  A wyvern skeleton (D:6)
  Dowan (D:7)
  A blink frog simulacrum (Lair:1)
  13 killer bees
  8 howler monkeys
  A crimson imp (D:12)
  2 jellies
  6 centaur zombies
  4 hounds
  3 orc priests
  A water moccasin simulacrum (Lair:1)
  3 bullfrog skeletons
  A gnoll shaman (D:6)
  Ijyb (D:4)
  7 orc wizards
  3 iguanas
  2 killer bee zombies
  A hound zombie (D:5)
  4 mummies (D:14)
  A howler monkey zombie (D:11)
  6 gnolls
  2 howler monkey skeletons
  2 adders
  2 ufetubi
  A worm (D:4)
  5 dart slugs
  52 orcs
  4 bats
  10 endoplasms
  4 giant cockroaches
  7 goblins
  4 hobgoblins
  4 jackals (D:5)
  A quokka (D:1)
  5 ball pythons
  A frilled lizard (D:1)
  7 kobolds
  5 rats
  A bush (Lair:2)
618 creatures vanquished.

Vanquished Creatures (others)
  A human (D:13)
  A white imp (D:12)
  2 ufetubi (D:12)
  36 fungi
  28 plants
68 creatures vanquished.

Grand Total: 686 creatures vanquished

Notes
Turn   | Place    | Note
-------+----------+-------------------------------------------
     0 | D:1      | Grim the Formicid Fighter began the quest for the Orb.
     0 | D:1      | Reached XP level 1. HP: 18/18 MP: 1/1
    62 | D:1      | Reached XP level 2. HP: 21/24 MP: 2/2
   235 | D:1      | Found a faded altar of an unknown god.
   250 | D:1      | Reached skill level 3 in Polearms
   391 | D:1      | Reached XP level 3. HP: 29/29 MP: 3/3
  1420 | D:3      | Found a sparkling altar of Nemelex Xobeh.
  1444 | D:3      | Reached skill level 4 in Polearms
  1444 | D:3      | Reached XP level 4. HP: 15/35 MP: 4/4
  2051 | D:3      | Reached XP level 5. HP: 41/41 MP: 5/5
  2546 | D:4      | Noticed Ijyb
  2556 | D:4      | Killed Ijyb
  2557 | D:4      | Reached skill level 5 in Polearms
  2568 | D:4      | Noticed a phantom
  2602 | D:4      | Killed a phantom
  2603 | D:4      | Reached skill level 6 in Polearms
  2603 | D:4      | Reached XP level 6. HP: 40/47 MP: 6/6
  2679 | D:4      | Noticed an ogre
  2685 | D:4      | Killed an ogre
  3021 | D:4      | Noticed Blork the orc
  3038 | D:4      | Killed Blork the orc
  3039 | D:4      | Reached skill level 7 in Polearms
  3039 | D:4      | Reached XP level 7. HP: 46/52 MP: 7/7
  3081 | D:4      | Noticed Grinder
  3091 | D:4      | Killed Grinder
  3092 | D:4      | Reached skill level 8 in Polearms
  3310 | D:4      | Noticed Edmund
  3325 | D:4      | Killed Edmund
  3326 | D:4      | Reached XP level 8. HP: 25/58 MP: 8/8
  3878 | D:4      | Reached skill level 9 in Polearms
  4094 | D:5      | Entered Level 5 of the Dungeon
  4132 | D:5      | Found a runed translucent gate.
  4132 | D:5      | Found a runed translucent gate.
  4132 | D:5      | Found a runed translucent gate.
  4133 | D:5      | Noticed wpisznazwe's ghost (weakling VSDe)
  4228 | D:5      | Found a stormy altar of Qazlal.
  4294 | D:5      | Found an opulent altar of Gozag.
  4302 | D:5      | Found Ahedd's Book Emporium.
  4324 | D:5      | Became a worshipper of Gozag Ym Sagoz the Greedy
  4331 | D:5      | Found Desotuli's Distillery.
  4660 | D:5      | Found Qiheif's Antique Armour Shop.
  4719 | D:5      | Found Ytid's Weapon Emporium.
  4751 | D:5      | Reached skill level 10 in Polearms
  4782 | D:5      | Noticed Menkaure
  4786 | D:5      | Killed Menkaure
  5008 | D:5      | Found Bekeg's Antique Weapon Emporium.
  5107 | D:5      | Found a broken altar of Ashenzari.
  5161 | D:5      | Reached XP level 9. HP: 55/64 MP: 9/9
  5509 | D:6      | Reached skill level 11 in Polearms
  5940 | D:6      | Found an iron altar of Okawaru.
  6093 | D:6      | Found a staircase to the Ecumenical Temple.
  6234 | D:6      | Found Ipeoxo's Distillery.
  6258 | D:6      | Reached skill level 12 in Polearms
  6278 | D:6      | Found a shimmering altar of Xom.
  6526 | D:7      | Noticed Duvessa
  6529 | D:7      | Noticed Dowan
  6534 | D:7      | Killed Duvessa
  6589 | D:7      | Killed Dowan
  6743 | D:7      | Reached skill level 5 in Fighting
  6832 | D:7      | Reached XP level 10. HP: 74/74 MP: 10/10
  6910 | D:7      | Noticed an Executioner
  6912 | D:7      | Found a burning altar of Makhleb.
  6920 | D:7      | Found a glowing silver altar of Zin.
  6920 | D:7      | Noticed an angel
  7096 | D:8      | Found a bloodstained altar of Trog.
  7243 | D:8      | Noticed Harold
  7254 | D:8      | Killed Harold
  7255 | D:8      | Reached skill level 13 in Polearms
  7805 | D:8      | Identified the +9 halberd of the Scorching Asp {antimagic,
                  | *Corrode rC+ rN+ Int+4}
  8061 | D:8      | Noticed a two-headed ogre
  8067 | D:8      | Killed a two-headed ogre
  8068 | D:8      | Reached XP level 11. HP: 80/90 MP: 3/11
  8092 | D:8      | Noticed Joseph
  8100 | D:8      | Killed Joseph
  8101 | D:8      | Reached skill level 10 in Fighting
  9079 | D:9      | Reached skill level 14 in Polearms
  9307 | D:10     | Entered Level 10 of the Dungeon
  9501 | D:10     | Found a radiant altar of Vehumet.
  9509 | D:10     | Got Vehumet's Papyrus of Conjuration
  9511 | D:10     | Found an ancient bone altar of Kikubaaqudgha.
  9512 | D:10     | Found a shimmering blue altar of Sif Muna.
  9514 | D:10     | Noticed Grum
  9520 | D:10     | Killed Grum
  9641 | D:10     | Noticed Josephine
  9648 | D:10     | Killed Josephine
  9671 | D:10     | Reached skill level 5 in Armour
  9967 | D:10     | Found a sacrificial altar of Ru.
 10025 | D:11     | Reached XP level 12. HP: 100/100 MP: 4/12
 10033 | D:11     | Found a staircase to the Lair.
 10114 | D:11     | You fall into a shaft and drop 1 floor!
 10776 | D:11     | Noticed Psyche
 10785 | D:11     | Killed Psyche
 10789 | D:11     | Reached skill level 15 in Polearms
 11001 | D:12     | Noticed a soul eater
 11002 | D:12     | Noticed a sun demon
 11002 | D:12     | Noticed a two-headed ogre
 11006 | D:12     | Noticed a sixfirhy
 11010 | D:12     | Killed a two-headed ogre
 11016 | D:12     | Noticed a sixfirhy
 11048 | D:12     | Noticed Frances
 11058 | D:12     | Noticed a sixfirhy
 11061 | D:12     | Noticed a sun demon
 11068 | D:12     | Killed Frances
 11247 | D:12     | Found a staircase to the Orcish Mines.
 11860 | D:12     | Noticed Nergalle
 11875 | D:12     | Killed Nergalle
 12130 | D:13     | Reached XP level 13. HP: 103/106 MP: 4/13
 12149 | D:13     | Reached skill level 16 in Polearms
 12257 | Lair:1   | Entered Level 1 of the Lair of Beasts
 12295 | Lair:1   | Found a transporter.
 12451 | Lair:1   | Reached skill level 10 in Armour
 12641 | Lair:1   | Found a transporter.
 13108 | Lair:1   | Reached skill level 1 in Dodging
 13723 | Lair:2   | Noticed a seven-headed hydra
 13733 | Lair:2   | Killed a seven-headed hydra
 13760 | Lair:2   | Noticed a six-headed hydra
 13772 | Lair:2   | Killed a six-headed hydra
 13791 | Lair:2   | Found a staircase to the Swamp.
 14351 | Lair:3   | Noticed a seven-headed hydra
 14361 | Lair:3   | Killed a seven-headed hydra
 14362 | Lair:3   | Reached skill level 5 in Dodging
 14434 | Lair:3   | Found a hole to the Spider Nest.
 14482 | Lair:3   | Found a runed translucent door.
 14966 | Lair:3   | Noticed Tutuygh's ghost (journeyman KoWr)
 15232 | Lair:4   | Noticed Kirke
 15259 | Lair:3   | Reached skill level 17 in Polearms
 15445 | Lair:3   | Killed Kirke
 15446 | Lair:3   | Reached XP level 14. HP: 109/113 MP: 4/14
 15902 | Lair:4   | Identified the ring "Zett" {Int+6 Dex+6}
 17189 | Lair:5   | Found a viscous altar of Jiyva.
 17189 | Lair:5   | Found a staircase to the Slime Pits.
 17419 | Lair:6   | Entered Level 6 of the Lair of Beasts
 17446 | Slime:1  | Entered Level 1 of the Pits of Slime
 18029 | Lair:5   | Reached skill level 10 in Dodging
 18189 | Lair:6   | Reached skill level 18 in Polearms
 18248 | Lair:6   | Reached XP level 15. HP: 111/119 MP: 5/15
 18772 | Lair:6   | Reached skill level 1 in Throwing
 19621 | Lair:6   | Found a corrupted altar of Lugonu.
 19621 | Lair:6   | Found a one-way gate to the infinite horrors of the Abyss.
 20032 | Lair:6   | Identified a scroll of acquirement
 20033 | Lair:6   | Acquired 1269 gold pieces
 20441 | D:13     | Reached skill level 5 in Throwing
 20482 | D:13     | Reached skill level 19 in Polearms
 21034 | D:13     | Reached XP level 16. HP: 120/126 MP: 5/16
 21173 | D:13     | Found a gate to the Vaults.
 21349 | D:13     | Found a runed translucent door.
 21777 | D:13     | Noticed a tentacled monstrosity
 21784 | D:13     | Killed a tentacled monstrosity
 22005 | D:14     | Found a flagged portal.
 22031 | Bailey   | Entered a bailey
 22365 | Bailey   | Identified the +17 crystal plate armour of Xaom {Harm Int+2
                  | Stlth-}
 23167 | D:14     | Found the amulet of Vitality {Regen+ HP+15}
 23324 | D:14     | Identified Roxanne's Almanac of Earth
 23324 | D:14     | Noticed Roxanne
 23344 | D:14     | Killed Roxanne
 23549 | D:14     | Noticed Louise
 23558 | D:14     | Killed Louise
 23786 | D:15     | Entered Level 15 of the Dungeon
 24082 | D:15     | Reached skill level 20 in Polearms
 24221 | D:15     | Found a runed translucent gate.
 24221 | D:15     | Found a runed translucent gate.
 24222 | D:15     | Found a runed translucent gate.
 24225 | D:15     | Noticed Nerchy's ghost (journeyman TrHu)
 24225 | D:15     | Noticed Yckusk's ghost (journeyman HOFi)
 24700 | D:15     | Found a staircase to the Depths.
 24812 | D:15     | Killed Yckusk's ghost
 24820 | D:15     | Killed Nerchy's ghost
 24821 | D:15     | Reached skill level 5 in Shields
 24877 | D:15     | Got Evep's Collected Works on Snow
 25068 | Swamp:1  | Entered Level 1 of the Swamp
 25150 | Swamp:1  | Noticed a fenstrider witch
 25199 | Lair:2   | Slain by a fenstrider witch

Illustrated notes

Levels and vault maps discovered:
D:1:      dpeg_arrival_tiny_d, layout_rooms, shapermc_ecumenical_altar_ellora
D:2:      layout_loops_ring, minmay_distorted
D:3:      layout_basic, nemelex_diamond_rough_becter, minmay_misc_feat_enclosed
D:4:      layout_loops_cross, uniq_edmund, uniq_grinder, uniq_ijyb,
          uniq_blork_the_orc
D:5:      layout_loops_ring, grunt_qazlal_clouds,
          mainiacjoe_overflow_catch_the_wave, serial_shops, shop, shop,
          nicolae_shop_stone, kennysheep_mini, shop,
          gammafunk_ghost_nasty_kobolds, uniq_menkaure
D:6:      layout_cave_pools, tgw_xom, mainiacjoe_overflow_six_doors_small,
          minmay_temple_entry_wispy, serial_shops, shop
D:7:      layout_rooms, grunt_temple_overflow_order_and_chaos_2,
          grunt_tough_drop, uniq_duvessa
D:8:      minmay_octagon_keep, layout_gridville, mainiacjoe_overflow_24_doors,
          chequers_jeans, uniq_joseph, uniq_harold
D:9:      layout_long_grid
D:10:     layout_roguey, grunt_temple_overflow_magic_moments,
          general_overflow_altar, uniq_grum, uniq_josephine
D:11:     layout_cave_pools, due_lair_maze_entry_diamond, grunt_decor_junction,
          uniq_psyche
D:12:     layout_stronghold, david_orc_5, hangedman_devilish_allure,
          uniq_nergalle, uniq_frances
D:13:     cheibrodos_body_horror, layout_long_grid, ximxim_vaults_locker_room
D:14:     ragdoll_tomb_raider, layout_long_grid, enter_bailey_7,
          minmay_splitting_lines, minivault_10, uniq_roxanne, uniq_louise
D:15:     grunt_enter_depths_magical_seal, layout_loops_cross, serial_park_paths
          [serial_park_minivault_5x5_2], gammafunk_ghost_cemetery,
          minmay_fractal_squares_5
Lair:1:   gammafunk_cloud_chamber, layout_regular_city, serial_bayou_shore_b,
          serial_bayou_shore_b
Lair:2:   layout_regular_city, palyth_hydra_swamp_entry,
          minmay_lair_oklob_bushes, grunt_megastairs_3, lemuel_fruit_fields,
          infiniplex_staircase_pool_2, serial_bayou_shore_b
Lair:3:   layout_cave_pods, spider_nest_entry_rubble,
          ebering_ghost_reflecting_pool, lemuel_fruit_fields
Lair:4:   layout_hall_layers, serial_bayou_crossing, grunt_megastairs_1,
          uniq_kirke
Lair:5:   layout_layer_cave, slime_altar_1, grunt_megastairs_4
Lair:6:   hellmonk_lair_end_abyssal_woods, layout_cave_pods,
          infiniplex_staircase_pool, lemuel_fruit_tree, grunt_megastairs_2
Swamp:1:  layout_basic_swamp, nicolae_swamp_oxbows, swamp_pool5
Slime:1:  layout_caves, nicolae_slime_phagocytosis

Skill      XL: |  1  2  3  4  5  6  7  8  9 10 11 12 13 14 15 16 |
---------------+-------------------------------------------------+-----
Polearms       | 3 4 6 7 8 10 12 13 14 15 17 18 19 20 | 20.0
Fighting       | 5 9 11 | 11.5
Armour         | 5 9 10 13 | 13.0
Dodging        | 6 10 11 | 11.3
Throwing       | 6 7 |  7.6
Shields        | 5 |  5.3

Action                   |  1- 3 |  4- 6 |  7- 9 | 10-12 | 13-15 | 16-18 || total
-------------------------+-------+-------+-------+-------+-------+-------++-------
Melee: Trident           |    92 |    67 |   217 |       |    74 |       ||   450
       Halberd           |       |       |    41 |   464 |   940 |   430 ||  1875
       Unarmed           |       |       |     3 |       |       |       ||     3
Throw: Dart              |       |       |     8 |    26 |    19 |       ||    53
       Stone             |       |       |    11 |       |       |       ||    11
       Throwing net      |       |       |       |     1 |       |       ||     1
       Javelin           |       |       |       |       |    12 |       ||    12
Invok: Potion Petition   |       |       |       |       |       |     1 ||     1
 Abil: Dig               |     1 |       |       |       |     2 |       ||     3
Evoke: Lightning rod     |       |       |       |     4 |     1 |       ||     5
       Wand              |       |       |       |     1 |       |       ||     1
  Use: Scroll            |     1 |       |       |       |    14 |       ||    15
       Potion            |       |     1 |     1 |     2 |     2 |     1 ||     7
 Stab: Distracted        |     1 |       |     1 |     4 |     5 |     1 ||    12
       Held in net/web   |       |       |       |     2 |       |       ||     2
Armor: Scale mail        |    17 |       |       |       |       |       ||    17
       Chain mail        |     7 |    22 |    61 |    79 |       |       ||   169
       Plate armour      |       |       |       |    91 |   650 |    54 ||   795
       Crystal plate arm |       |       |       |       |       |   165 ||   165
Dodge: Dodged            |    28 |     8 |    63 |    98 |   387 |    81 ||   665
Block: Buckler           |    17 |    11 |    27 |    57 |   174 |    19 ||   305
       Tower shield      |       |       |       |       |       |    60 ||    60
       Kite shield       |       |       |       |       |       |    44 ||    44

Table legend: (Time is in decaauts)
 A = Elapsed time spent in this place.
 B = Non-inter-level travel time spent in this place.
 C = Inter-level travel time spent in this place.
 D = Time resting spent in this place.
 E = Time spent auto-exploring this place.
 F = Levels seen in this place.
 G = Mean time per level.
                   A        B        C        D        E       F      G
               +--------+--------+--------+--------+--------+-----+--------+
         Total |  24734 |  23181 |   1553 |   3701 |  14637 |  24 | 1030.6 |
       Dungeon |  16452 |  15307 |   1145 |   2387 |   9937 |  15 | 1096.8 |
          Lair |   7850 |   7443 |    407 |   1267 |   4473 |   6 | 1308.3 |
         Swamp |     11 |     11 |      0 |      0 |      0 |   1 |   11.0 |
    Slime Pits |      1 |      1 |      0 |      0 |      0 |   1 |    1.0 |
        Bailey |    418 |    418 |      0 |     46 |    226 |   1 |  418.0 |
               +--------+--------+--------+--------+--------+-----+--------+

Top non-repeatable levels by time:
  Lair:6: 1906 daAuts
    D:13: 1658 daAuts
     D:4: 1574 daAuts
     D:5: 1546 daAuts
  Lair:5: 1480 daAuts
    D:14: 1420 daAuts
     D:8: 1390 daAuts
  Lair:3: 1318 daAuts
    D:12: 1266 daAuts
     D:3: 1178 daAuts
  Lair:4: 1111 daAuts
    D:15: 1062 daAuts
  Lair:2: 1023 daAuts
  Lair:1: 1010 daAuts
    D:10: 959 daAuts
